 Dungeon Crawl Stone Soup version 0.30-b1-2-g02819fbbbe (webtiles) character file.

Game seed: 10904022439386744181

5944 LLlMATKO the Cleaver (level 10, -6/91 HPs)
             Began as a Minotaur Berserker on Aug 6, 2023.
             Was an Elder of Trog.
             Succumbed to an orange demon's poison
             ... on level 9 of the Dungeon.
             The game lasted 00:06:41 (6997 turns).

LLlMATKO the Cleaver (Minotaur Berserker)           Turns: 6997, Time: 00:06:42

Health: -6/91      AC: 20    Str: 26    XL:     10   Next: 54%
Magic:  9/9        EV: 10    Int:  4    God:    Trog [****..]
Gold:   686        SH: 11    Dex: 16    Spells: 9/9 levels left

rFire   . . .        a - +1 hand axe
rCold   . . .        q - +0 kite shield
rNeg    . . .        I - +0 plate armour
rPois   .            (helmet restricted)
rElec   .            A - +0 cloak
rCorr   .            g - +0 pair of gloves
SInv    .            (no boots)
Will    .....        k - amulet of regeneration Stlth
                     j - +4 ring of protection
HPRegen 1.15/turn    x - +6 ring of dexterity
MPRegen 0.11/turn

%: no passive effects
@: lethally poisoned (-6 -> -29), on berserk cooldown, slowed, very slow
A: horns 2, retaliatory headbutt
a: Renounce Religion, Berserk, Trog's Hand, Brothers in Arms


You were on level 9 of the Dungeon.
You worshipped Trog.
Trog was greatly pleased with you.
You visited 1 branch of the dungeon, and saw 9 of its levels.
You also visited: Sewer.

You collected 686 gold pieces.

Inventory:

Hand Weapons
 a - a +1 hand axe (weapon)
Missiles
 c - 6 datura-tipped darts (quivered)
 n - 4 throwing nets
 u - 11 poisoned darts
Armour
 g - a +0 pair of gloves (worn)
 q - a +0 kite shield (worn)
 A - a +0 cloak (worn)
 I - a +0 plate armour (worn)
Jewellery
 j - a +4 ring of protection (left hand)
 k - an amulet of regeneration (around neck)
 x - a +6 ring of dexterity (right hand)
 y - a ring of resist corrosion
Wands
 r - a wand of polymorph (5)
 E - a wand of mindburst (19)
 H - a wand of flame (18)
Scrolls
 b - a scroll of fear {unknown}
 e - 5 scrolls of identify
 h - 4 scrolls of teleportation
 o - 2 scrolls of blinking
 v - a scroll of magic mapping {unknown}
 w - 4 scrolls of noise {unknown}
 B - 2 scrolls of silence {unknown}
 D - a scroll of enchant armour {unknown}
 K - a scroll of acquirement {unknown}
 L - a scroll of poison {unknown}
Potions
 d - 2 potions of haste {unknown}
 f - 3 potions of might {unknown}
 i - 5 potions of heal wounds
 l - 3 potions of flight {unknown}
 m - a potion of attraction {unknown}
 p - 2 potions of curing {unknown}
 s - 4 potions of brilliance {unknown}
 t - 2 potions of invisibility {unknown}
 z - 2 potions of ambrosia {unknown}
 C - 2 potions of berserk rage {unknown}
 F - a potion of magic {unknown}
 G - 2 potions of degeneration {unknown}
 J - 2 potions of lignification {unknown}


   Skills:
 + Level 9.4 Fighting
 + Level 9.4 Axes
 + Level 9.0 Armour
 + Level 8.2 Dodging
 + Level 8.0 Shields


You had 9 spell levels left.
You didn't know any spells.
Your spell library was empty.

Dungeon Overview and Level Annotations

Branches:
Dungeon (9/15)             Temple (0/1) D:4            Lair (0/5) D:8
  Sewer (visited)
    Orc: D:9-12

Altars:
Ru
Sif Muna
Uskayaw
Wu Jian
Zin

Shops:
D:7 =


Innate Abilities, Weirdness & Mutations

You have a pair of horns on your head.
You reflexively headbutt those who attack you in melee.


Message History

You hit the kobold demonologist but do no damage.
The kobold demonologist is almost dead.
You barely miss the white imp. You hit the ice devil but do no damage.
The orange demon stings you from afar!
You are poisoned.
The orange demon poisons you!
You block the kobold demonologist's attack.
The ice devil hits you but does no damage.
The white imp gestures at you. The puff of frost hits you!
Unknown command.
You hit the kobold demonologist but do no damage.
Your headbutt misses the kobold demonologist.
The kobold demonologist is almost dead.
You hit the ice devil. You barely miss the white imp.
You feel extremely sick.
The iron imp disappears in a puff of smoke!
The orange demon stings you from afar.
* * * LOW HITPOINT WARNING * * *
You are more poisoned.
The orange demon poisons you!
The kobold demonologist casts a spell.
You block the white imp's attack. You block the ice devil's attack.
The orange demon stings you from afar!
* * * LOW HITPOINT WARNING * * *
The kobold demonologist hits you with a +0 dagger.
* * * LOW HITPOINT WARNING * * *
The soul eater draws from the surrounding life force!
* * * LOW HITPOINT WARNING * * *
You hit the kobold demonologist but do no damage.
You headbutt the kobold demonologist.
You kill the kobold demonologist!
Trog accepts your kill.
Trog appreciates your killing of a magic user.
The soul eater disappears in a puff of smoke!
The orange demon disappears in a puff of smoke!
The white imp disappears in a puff of smoke!
The ice devil disappears in a puff of smoke!
The iron imp disappears in a puff of smoke!
You die...

.........##### #.#
....#..
.........†..###.##.......
#..#†..)............#.#
#......†#<###.#.......#
#.........#...........#
#.#.#..#........##.......
# #$.#.##..........####
#..#.##.§#########
#..#..§§@# ########)# §§.
##.#. ..#.# ### #


There were no monsters in sight!

Vanquished Creatures
  A two-headed ogre (D:9)
  A kobold demonologist (D:9)
  A troll (D:9)
  6 yaks
  A wyvern (D:7)
  Grum (D:8)
  3 water moccasins (D:8)
  Duvessa (D:7)
  An ice beast (D:6)
  An orc warrior (D:7)
  Pargi (Sewer)
  4 black bears (D:8)
  2 wolves (D:8)
  2 ogres
  3 centaurs (D:8)
  A phantom (D:5)
  2 gnoll sergeants (D:8)
  5 bullfrogs
  2 scorpions
  5 wights (D:7)
  Dowan (D:7)
  4 killer bees
  2 howler monkeys (D:8)
  A lava snake (D:8)
  3 jellies
  Crazy Yiuf (D:4)
  5 orc priests
  5 hounds
  2 sleepcaps
  5 iguanas
  9 orc wizards
  10 adders
  12 gnolls
  A river rat (D:4)
  A worm (D:4)
  6 dart slugs
  13 orcs
  3 endoplasms
  6 giant cockroaches
  7 goblins
  5 hobgoblins
  15 jackals
  3 quokkas
  14 ball pythons
  5 bats
  11 frilled lizards
  4 kobolds
  10 rats
208 creatures vanquished.

Vanquished Creatures (others)
  35 fungi (D:8)
  41 plants
76 creatures vanquished.

Grand Total: 284 creatures vanquished

Notes
Turn   | Place    | Note
-------+----------+-------------------------------------------
     0 | D:1      | LLlMATKO the Minotaur Berserker began the quest for the
                  | Orb.
     0 | D:1      | Reached XP level 1. HP: 19/19 MP: 0/0
   134 | D:1      | Reached XP level 2. HP: 14/27 MP: 1/1
   753 | D:2      | Reached XP level 3. HP: 30/33 MP: 2/2
   797 | D:2      | Reached ** piety under Trog
   893 | D:2      | Reached XP level 4. HP: 29/40 MP: 3/3
  1262 | D:2      | Found a faded altar of an unknown god.
  1327 | D:2      | Reached XP level 5. HP: 34/47 MP: 4/4
  1741 | D:3      | Found an ornate altar of the Wu Jian Council.
  1895 | D:3      | Reached skill level 1 in Shields
  2045 | D:4      | Reached skill level 5 in Fighting
  2056 | D:4      | Reached skill level 5 in Axes
  2056 | D:4      | Reached XP level 6. HP: 54/56 MP: 5/5
  2108 | D:4      | Reached *** piety under Trog
  2163 | D:4      | Found a staircase to the Ecumenical Temple.
  2233 | D:4      | Found a glowing drain.
  2259 | Sewer    | Entered a sewer
  2307 | Sewer    | Noticed Pargi
  2312 | Sewer    | Killed Pargi
  2642 | D:4      | Reached XP level 7. HP: 60/61 MP: 6/6
  2974 | D:4      | Found a runed translucent door.
  2975 | D:4      | Noticed Crazy Yiuf
  3157 | D:4      | Killed Crazy Yiuf
  3189 | D:5      | Entered Level 5 of the Dungeon
  3272 | D:5      | Reached skill level 5 in Armour
  3575 | D:5      | Identified the +3 great sword "Minotaur's Doom" {antimagic,
                  | rC+ SInv}
  4315 | D:6      | Reached skill level 5 in Dodging
  4344 | D:6      | Reached XP level 8. HP: 68/70 MP: 7/7
  4632 | D:6      | Found a sacrificial altar of Ru.
  4642 | D:6      | Reached **** piety under Trog
  4910 | D:7      | Noticed Dowan
  4912 | D:7      | Noticed Duvessa
  4924 | D:7      | Killed Duvessa
  4927 | D:7      | Killed Dowan
  5099 | D:7      | Reached skill level 5 in Shields
  5134 | D:7      | Noticed a +0 dagger
  5135 | D:7      | Noticed a +0 dagger
  5139 | D:7      | Found a hide-covered altar of Uskayaw.
  5154 | D:7      | Found Poujayss's Jewellery Boutique.
  5365 | D:7      | Reached XP level 9. HP: 77/79 MP: 8/8
  5792 | D:8      | Noticed Grum
  5799 | D:8      | Found a glowing silver altar of Zin.
  5805 | D:8      | Killed Grum
  5928 | D:8      | Found a staircase to the Lair.
  6177 | D:8      | Reached XP level 10. HP: 88/90 MP: 9/9
  6547 | D:8      | Found a shimmering blue altar of Sif Muna.
  6866 | D:9      | Noticed a two-headed ogre
  6873 | D:9      | Killed a two-headed ogre
  6985 | D:9      | Noticed a soul eater
  6994 | D:9      | Noticed an orange demon
  6996 | D:9      | HP: 1/91 [soul eater[a kobold demonologist] (14)]
  6997 | D:9      | Succumbed to an orange demon's poison

Illustrated notes

Levels and vault maps discovered:
D:1:      dpeg_arrival_round_c, layout_loops_ring
D:2:      minmay_spotlight, layout_rooms, basic_ecumenical_altar,
          chequers_serial_rivers_micro_d
D:3:      layout_basic, nzn_wu_jian_contemplation, kennysheep_generic_room_12
D:4:      cheibrodos_quashed, layout_loops_corners, minmay_temple_entry_wispy,
          portal_sewer_entry_a, uniq_crazy_yiuf_cottage
D:5:      layout_basic, saegor_snake_ambush
D:6:      layout_loops_cross, nicolae_ru_great_annihilating_truth
D:7:      layout_loops_ring, dancing_weapons_uskayaw, serial_shops, shop,
          grunt_ogre_cave, uniq_duvessa
D:8:      layout_basic, nicolae_overflow_crystal_walls, lemuel_tele_altar,
          due_lair_maze_entry_diamond, kennysheep_cross_room, uniq_grum
D:9:      layout_basic, yredelemnul_altar_generic, orc_0_dummy

Skill      XL: |  1  2  3  4  5  6  7  8  9 10 |
---------------+-------------------------------+-----
Axes           | 4 5 6 7 8 9 |  9.4
Fighting       | 4 5 6 7 8 9 |  9.4
Armour         | 3 4 5 6 8 9 |  9.0
Dodging        | 3 4 5 6 7 8 |  8.2
Shields        | 1 2 4 5 7 8 |  8.0

Action                     |  1- 3 |  4- 6 |  7- 9 | 10-12 || total
---------------------------+-------+-------+-------+-------++-------
  Melee: Hand axe          |    58 |   169 |   294 |   122 ||   643
         Headbutt          |    10 |    21 |    69 |    33 ||   133
         Punch             |       |     1 |       |       ||     1
 Invoke: Berserk           |       |     2 |     6 |     2 ||    10
    Use: Scroll            |       |     7 |       |       ||     7
   Stab: Sleeping          |     2 |       |       |       ||     2
         Paralysed         |       |       |     1 |       ||     1
 Armour: Animal skin       |    13 |    19 |       |       ||    32
         Ring mail         |       |    62 |    34 |       ||    96
         Plate armour      |       |       |    59 |    73 ||   132
  Dodge: Dodged            |    36 |    68 |   119 |    50 ||   273
  Block: Kite shield       |       |    32 |   160 |    80 ||   272
